 Dungeon Crawl Stone Soup version 0.15.2 (webtiles) character file.

14390 deliverbassnrhyme the Martial Artist (level 11, -5/90 HPs)
             Began as a Mummy Monk on Apr 20, 2015.
             Slain by a raven (7 damage)
             ... on Level 4 of the Lair of Beasts.
             The game lasted 02:43:21 (31780 turns).

deliverbassnrhyme the Martial Artist (Mummy Monk)  Turns: 31780, Time: 02:43:21

HP  -5/90        AC  9     Str 15      XL: 11   Next: 88%
MP  11/11        EV 20     Int  9      God:
Gold 553         SH  0     Dex 22      Spells:  0 memorised, 10 levels left

rFire  x . .     SeeInvis .       - Unarmed
rCold  + . .     Clarity  .     (no armour)
rNeg   + + +     rCorr    .     (no shield)
rPois  +         rRot     +     j - +2 helmet
rElec  .         Spirit   .     l - +2 cloak
SustAb .         Warding  .     c - +2 pair of gloves {Dex+3}
rMut   .         Stasis   .     (no boots)
Gourm  .                        (no amulet)
MR     +....                    p - +2 ring of dexterity
                                i - +1 ring of strength

@: somewhat resistant to hostile enchantments, fairly stealthy
A: no food or potions, fire vulnerability, restore body, cold resistance 1,
negative energy resistance 3, poison resistance, torment resistance, unbreathing
a: no special abilities


You were on level 4 of the Lair of Beasts.
You were not hungry.

You visited 2 branches of the dungeon, and saw 13 of its levels.
You also visited: Ossuary.

You collected 1009 gold pieces.
You spent 456 gold pieces at shops.


Innate Abilities, Weirdness & Mutations

You do not eat or drink.
Your flesh is vulnerable to fire.
Your flesh is cold resistant.
You are immune to negative energy.
Your system is resistant to poisons.
You are immune to unholy pain and torment.
You can survive without breathing.


   Skills:
 - Level 10.1 Fighting
 - Level 7.9 Dodging
 - Level 4.1 Stealth
 + Level 11.8 Unarmed Combat


You had 10 spell levels left.
You didn't know any spells.

Inventory:

Armour
 c - a +2 pair of gloves of dexterity (worn)
 j - a +2 helmet (worn)
 l - a +2 cloak (worn)
Comestibles
 g - 4 meat rations
 h - 12 bread rations (quivered)
 q - 12 fruits
 r - a slice of pizza
 s - a beef jerky
Scrolls
 d - 2 scrolls of immolation {!r}
 e - 2 scrolls of identify
 f - a scroll of blinking
 k - 2 scrolls of noise {!r}
 m - 7 scrolls of remove curse
 n - 3 scrolls of teleportation
 v - a scroll of torment
 w - a scroll of fog
Jewellery
 b - a cursed ring of flight
 i - a +1 ring of strength (left hand)
 p - a +2 ring of dexterity (right hand)
Potions
 a - a potion of porridge

Dungeon Overview and Level Annotations

Branches:
Dungeon (9/15)             Temple (0/1) D:4             Orc (0/4) D:9
   Lair (4/8) D:8
  Swamp: Lair:3-6    Shoals: Lair:3-6     Snake: Lair:3-6    Spider: Lair:3-6

Altars:
Cheibriados
Elyvilon
Kikubaaqudgha
Qazlal
Vehumet
Xom

Shops:
D:8 ?

Annotations:
D:2 exclusion: downstairs, Edmund
D:3 Sigmund
D:5 exclusion: ogre, Dowan; Duvessa
D:6 FREE CLOAKS
D:7 fag has chaos ffs and also distachio, Eustachio; magipi's ghost, experienced TeSu
Lair:1 emiel's ghost, powerful HuWz
Lair:2 exclusion: downstairs
Lair:4 exclusion: komodo dragon

..#######......##
#..%........... #.#
###.......## #............#.
### #..........#
#...........#.# #
##.........###...........### #
#.........##.............## ##
#####.#..###%...............#
.###.# ##.#.#
#H...............# ....###
#######.................
......## ##.#@.............#.#
...###.## #.#b#........!)....##
...##.#.#♣♣
♣..#t.....)......###
...###.#..♣==♣...............##
# ..##
##...♣♣♣..............### ..#
##................#...## ...
#................#.##..# ..##
#.#.#.###..###.###.##.## ..#
#..........^...........#


You could see a raven, a friendly hippogriff and a friendly crocodile
(wandering).


Message History

The raven pecks you!
* * * LOW HITPOINT WARNING * * *
The raven completely misses you.
You hit the raven.
The raven is heavily wounded.
The raven closely misses you. The raven claws you but does no damage.
The raven barely misses you. The raven misses you.
You barely miss the raven.
The raven is heavily wounded.
The raven pecks you.
* * * LOW HITPOINT WARNING * * *
The raven completely misses you.
You hit the raven.
The raven is severely wounded.
The raven misses you. The raven completely misses you.
The raven barely misses you. The raven claws you!
* * * LOW HITPOINT WARNING * * *
Read which item? (? for menu, Esc to quit)
Okay, then.
Read which item? (? for menu, Esc to quit)
Okay, then.
Unknown command.
Unknown command.
Unknown command.
Read which item? (? for menu, Esc to quit)
As you read the scroll of summoning, it crumbles to dust.
Wisps of shadow whirl around you... The raven pecks you!
* * * LOW HITPOINT WARNING * * *
The raven barely misses you. The raven pecks you!
You die...

Action                   |  1- 3 |  4- 6 |  7- 9 | 10-12 || total
-------------------------+-------+-------+-------+-------++-------
Melee: Unarmed           |   166 |   405 |   944 |  1017 ||  2532
  Use: Scroll            |       |     5 |    10 |    17 ||    32
 Stab: Sleeping          |     2 |     4 |     9 |     7 ||    22
       Distracted        |       |     1 |     1 |     2 ||     4

Vault maps used:
D:1:      dpeg_arrival_round_c
D:2:      uniq_iyjb
D:3:      fiery_altar_vehumet, serial_co_window_serial, co_window_corner_a,
          co_window_paths_b, co_window_of_opportunity_a, co_window_paths_b,
          co_window_corner_a, co_window_unsneaky_path_c, co_window_2corner,
          co_window_broadway_b, co_window_cross_2, co_window_2corner,
          co_window_corner_b, co_window_unsneaky_path_e, co_window_paths_d,
          co_window_paths_e, glass_columns_a, glass_columns_b, glass_columns_b,
          glass_columns_a, glass_columns_c, uniq_sigmund, uniq_natasha
D:4:      first_bread, kennysheep_flooded_box
D:5:      elyvilon_altar_5, uniq_duvessa, uniq_edmund
D:6:      enter_ossuary_2, roderic_batcave, uniq_crazy_yiuf_cottage, uniq_pikel
D:7:      the_bakery, grunt_ministairs_14, uniq_eustachio, uniq_prince_ribbit1
D:8:      kiku_gazebo_garden_becter, old_standard_altar, lair_0_dummy,
          serial_shops, shop_fountains, minivault_24, uniq_grum
D:9:      lemuel_coloured_pillars_altar, cheibrodos_beetle_habitat, david_orc_4,
          xom_confusion_cloud
Lair:1:   bh_autumn_forest_stairs, grunt_megastairs_2
Lair:2:   patterned_corridor
Lair:3:   enter_volcano_3, portal_ice_cave_entry_pillars_02, st_stairs_13,
          lemuel_fruit_fields, infiniplex_staircase_pool
Lair:4:   boulder_dual_corridor_run, roderic_ravens_nest
Ossuary:  minmay_ossuary_gauntlet

Notes
Turn   | Place    | Note
--------------------------------------------------------------
     0 | D:1      | deliverbassnrhyme, the Mummy Monk, began the quest for the Orb.
     0 | D:1      | Reached XP level 1. HP: 18/18 MP: 1/1
   383 | D:1      | Reached XP level 2. HP: 17/24 MP: 2/2
  1007 | D:1      | Reached XP level 3. HP: 19/29 MP: 3/3
  1287 | D:1      | Reached skill level 4 in Unarmed Combat
  1823 | D:2      | Noticed Ijyb
  1851 | D:2      | Killed Ijyb
  1851 | D:2      | Reached skill level 3 in Dodging
  1851 | D:2      | Reached XP level 4. HP: 15/35 MP: 4/4
  2274 | D:3      | Found a radiant altar of Vehumet.
  2274 | D:3      | Noticed Natasha
  2664 | D:3      | Noticed Sigmund
  3371 | D:3      | Reached skill level 4 in Dodging
  3755 | D:3      | Reached XP level 5. HP: 41/41 MP: 5/5
  4935 | D:4      | Found a staircase to the Ecumenical Temple.
  4997 | D:3      | Artagel: drop the bass
  5025 | D:3      | trelanon: with all due respect, who do you use the default rc file?
  5027 | D:3      | deliverbassnrhyme: hm?
  5027 | D:3      | deliverbassnrhyme: You mean who I got it from?
  5027 | D:3      | trelanon: nah, I just thought you were using the default one
  5027 | D:3      | deliverbassnrhyme: oh no
  5027 | D:3      | trelanon: my bad.
  5027 | D:3      | deliverbassnrhyme: it's just a modified old mpa one
  5041 | D:3      | deliverbassnrhyme: dang actual artagel reporting in
  5100 | D:3      | Artagel: preventing the final death
  5126 | D:3      | Artagel: one mumo at the time
  5234 | D:3      | Artagel: gogo gadget energyscum
  5246 | D:3      | trelanon: Who was the one that got the farthest anyway? The one that got to bennu and then they cahnged the rules for .15 only
  5463 | D:2      | Artagel: freedom
  5463 | D:2      | deliverbassnrhyme: oh
  5463 | D:2      | deliverbassnrhyme: yeah implo got to like 2 runes I think
  5463 | D:2      | deliverbassnrhyme: technically I did too but they were boring and shit so I lose to the whole bennu thing
  5610 | D:4      | trelanon: this challenge is absolutely suicidal
  5627 | D:3      | Artagel: it is a challenge for manly men
  5909 | D:3      | deliverbassnrhyme: that was not the direction to go
  5910 | D:3      | trelanon: ow.
  6000 | D:2      | Vidiiot: o dck <3
  6541 | D:3      | Artagel: beware everything
  6858 | D:4      | trelanon: my god how does anyone keep a mummy alive until vaults
  6858 | D:4      | deliverbassnrhyme: well
  6858 | D:4      | deliverbassnrhyme: eventually you get to do a lot of damage!
  6908 | D:3      | trelanon: one quokka at a time
  7072 | D:4      | Noticed an ogre
  7074 | D:4      | Artagel: the scourge of egypt has all the time in the world
  7262 | D:3      | Reached XP level 6. HP: 33/47 MP: 6/6
  7266 | D:3      | deliverbassnrhyme: success!
  7405 | D:4      | trelanon: the mighty scorpion was defeated
  7691 | D:3      | fuck
  7730 | D:3      | Killed Natasha
  7768 | D:3      | Artagel: mite be time to avoid dungeon 3 soon
  7768 | D:3      | Artagel: we should be approaching ood
  7796 | D:3      | trelanon: how many turns is that?
  7796 | D:3      | Artagel: well we're already there
  7796 | D:3      | Artagel: but it increases!
  7813 | D:3      | Artagel: wild storm dragon appears etc
  7856 | D:3      | deliverbassnrhyme: oh don't worry
  7856 | D:3      | deliverbassnrhyme: it'll be fine
  8116 | D:3      | trelanon: No longer a threat
  8169 | D:3      | Noticed Natasha
  8181 | D:3      | deliverbassnrhyme: fine
  8181 | D:3      | deliverbassnrhyme: fine I won't try to trick it
  8181 | D:3      | deliverbassnrhyme: fuck
  8181 | D:3      | Artagel: the catsorcerer is too dangerous
  8185 | D:3      | Killed Natasha
  8185 | D:3      | Reached skill level 5 in Unarmed Combat
  8266 | D:3      | Noticed Natasha
  8266 | D:3      | trelanon: annihilate-
  8278 | D:3      | Killed Natasha
  8279 | D:3      | deliverbassnrhyme: good
  8279 | D:3      | trelanon: d.
  8888 | D:4      | ha ha
  8897 | D:3      | Artagel: :O
  8929 | D:3      | Artagel: actual berserk
  8933 | D:3      | Artagel: the mummy code does not approve
  9083 | D:3      | Artagel: 8damage stone
  9099 | D:4      | Artagel: ;_;
  9374 | D:2      | deliverbassnrhyme: look at all this exp!
  9436 | D:2      | Artagel: ~free~ exp being delivered
  9445 | D:2      | deliverbassnrhyme: I wanna check if I can 1v1 an iguana
  9445 | D:2      | deliverbassnrhyme: probably not
  9445 | D:2      | Vidiiot: Are you autoexploring?
  9536 | D:2      | deliverbassnrhyme: at times
  9578 | D:3      | Vidiiot: isnt there a key to clear a map so you can just autoexplore the same level 10000 times
  9578 | D:3      | deliverbassnrhyme: probably
  9578 | D:3      | trelanon: oh yeah
  9578 | D:3      | deliverbassnrhyme: not sure I wanna get to ood timer on every floor though
  9578 | D:3      | deliverbassnrhyme: as retreats are often needed
  9654 | D:4      | Reached XP level 7. HP: 43/52 MP: 7/7
 10296 | D:5      | Entered Level 5 of the Dungeon
 10319 | D:5      | Noticed Dowan
 10319 | D:5      | trelanon: could always retreat to the temple, nothing spawns there
 10323 | D:5      | Noticed Duvessa
 10471 | D:5      | Artagel: we worship no god
 10471 | D:5      | deliverbassnrhyme: amored
 10471 | D:5      | deliverbassnrhyme: *r
 10471 | D:5      | Artagel: the temple is off limit
 10500 | D:5      | Artagel: !
 10548 | D:5      | trelanon: oh man, didn't know that.
 10662 | D:5      | Noticed Edmund
 10943 | D:5      | deliverbassnrhyme: oh wow
 10943 | D:5      | trelanon: holy wrath?
 10943 | D:5      | deliverbassnrhyme: ya
 10943 | D:5      | Artagel: :O
 11049 | D:4      | trelanon: the dungeon doesn't want you alive
 11122 | D:4      | trelanon: well, you're not alive already
 11531 | D:5      | Reached skill level 6 in Unarmed Combat
 12005 | D:5      | Reached skill level 4 in Fighting
 12143 | D:5      | Found a white marble altar of Elyvilon.
 12173 | D:5      | trelanon: Heh.
 12406 | D:5      | deliverbassnrhyme: I don't know where the incest guys went but I'm alright with this
 12409 | D:6      | Artagel: :O
 12409 | D:6      | Artagel: your mausoleum
 12421 | D:6      | trelanon: they need some private time
 12428 | D:6      | Noticed Pikel
 12457 | D:6      | Reached skill level 5 in Fighting
 12483 | D:6      | Found a sand-covered staircase.
 12487 | D:6      | deliverbassnrhyme: tactical stealth gameplay
 12501 | D:6      | trelanon: MuMo gear solid?
 12502 | Ossuary  | Entered an ossuary
 12503 | Ossuary  | deliverbassnrhyme: that oughta be a fine sequel
 12532 | Ossuary  | Artagel: pretender mummies
 12532 | Ossuary  | deliverbassnrhyme: as long as I don't fuck up I should be able to kitepunch everyone
 12532 | Ossuary  | deliverbassnrhyme: should
 12643 | Ossuary  | Reached XP level 8. HP: 40/63 MP: 8/8
 12835 | Ossuary  | deliverbassnrhyme: curse these bandaged fists
 12835 | Ossuary  | Artagel: this is some specialforces tier kiting action
 13207 | Ossuary  | trelanon: this is amazing to watch.
 13209 | Ossuary  | Reached skill level 6 in Fighting
 13225 | Ossuary  | deliverbassnrhyme: trivialized
 13239 | Ossuary  | Artagel: kenshiro monk mumo edition achieved
 13997 | D:6      | Reached skill level 5 in Dodging
 15105 | D:7      | Reached skill level 6 in Dodging
 15221 | D:7      | Noticed magipi's ghost (experienced TeSu)
 15221 | D:7      | trelanon: oh man
 15292 | D:7      | deliverbassnrhyme: what equipment
 15292 | D:7      | trelanon: what kind of asshole forgets the other spells only to learn ice beast
 15292 | D:7      | deliverbassnrhyme: the biggest
 15292 | D:7      | deliverbassnrhyme: I'd guess
 15292 | D:7      | trelanon: you were set up
 15297 | D:7      | trelanon: this is a trap
 15313 | D:7      | trelanon: the uniques are trying to kill you
 15476 | D:7      | Noticed a two-headed ogre
 15742 | D:7      | deliverbassnrhyme: well fuck off then
 16327 | D:7      | Noticed Eustachio
 16571 | D:7      | deliverbassnrhyme: so this is fucking why
 16574 | D:7      | Artagel: we chaos
 17174 | D:6      | Reached XP level 9. HP: 69/69 MP: 9/9
 17220 | D:7      | Reached skill level 7 in Unarmed Combat
 17325 | D:7      | Reached skill level 7 in Dodging
 17570 | D:7      | Noticed Prince Ribbit
 17876 | D:7      | deliverbassnrhyme: mother
 17876 | D:7      | deliverbassnrhyme: of christ
 17876 | D:7      | Artagel: beware
 17876 | D:7      | Artagel: who puts dist on this dude anyway
 17876 | D:7      | deliverbassnrhyme: satan
 18023 | D:6      | deliverbassnrhyme: I like how every stair is awful
 18023 | D:6      | deliverbassnrhyme: but in its own way
 18177 | D:6      | HP: 6/71 [Prince Ribbit (9)]
 18179 | D:6      | deliverbassnrhyme: woah
 18179 | D:6      | deliverbassnrhyme: what
 18179 | D:6      | Artagel: !
 18179 | D:6      | Artagel: are we dying here
 18179 | D:6      | deliverbassnrhyme: well I shouldn't since so much fear
 18179 | D:6      | deliverbassnrhyme: but apparently casting tele self took away the effect
 18179 | D:6      | Artagel: >attack
 18184 | D:6      | and don't come back!
 18657 | D:7      | Reached skill level 7 in Fighting
 18658 | D:7      | Artagel: final death averted
 18658 | D:7      | VANQUISHED
 18720 | D:7      | deliverbassnrhyme: so when are you rerollan on the NAs
 18935 | D:8      | Artagel: feels very unlikely that I would nerf a ping intensive class even further by going NA
 18981 | D:8      | deliverbassnrhyme: yeah I know
 18981 | D:8      | deliverbassnrhyme: probably not even going to play myself
 18999 | D:8      | Found a staircase to the Lair.
 19156 | D:8      | Found a stormy altar of Qazlal.
 19162 | D:8      | Artagel: I'm actually a bit distracted by levelling in dfo as it is
 19176 | D:8      | Reached skill level 8 in Fighting
 19183 | D:8      | Artagel: it's a fun little concept really :D
 19391 | D:7      | deliverbassnrhyme: I need to finish mgr as it is
 19391 | D:7      | deliverbassnrhyme: then replay me some god hand
 19496 | D:8      | deliverbassnrhyme: this is literally necrodancer gameplay
 19496 | D:8      | deliverbassnrhyme: tap tap tap punch
 19496 | D:8      | Artagel: !
 19496 | D:8      | deliverbassnrhyme: tap tap tap punch
 19511 | D:8      | Artagel: well yes
 19522 | D:8      | Artagel: the purity of serious roguelike gameplay
 19735 | D:8      | Found an ancient bone altar of Kikubaaqudgha.
 19771 | D:8      | Reached skill level 9 in Fighting
 19800 | D:8      | Noticed Grum
 20050 | D:8      | deliverbassnrhyme: still think you should give ND an actual try
 20050 | D:8      | deliverbassnrhyme: it's a great game
 20134 | D:8      | Killed Grum
 20264 | D:8      | Artagel: Yeah, I did buy it on volvos finest platform
 20294 | D:7      | deliverbassnrhyme: buying things doesn't equal trying them :P
 20565 | D:8      | Found Igracev's Magic Scroll Shoppe.
 20570 | D:8      | Artagel: yeah but I'll put in a session during my next singleplayer setup
 20855 | D:9      | Found a shimmering altar of Xom.
 20856 | D:9      | pls xom go
 20880 | D:9      | Reached XP level 10. HP: 51/83 MP: 10/10
 20899 | D:9      | Reached skill level 8 in Unarmed Combat
 21448 | D:9      | ffs
 22229 | D:6      | Artagel: ah the slavemaster with flaming
 22233 | D:6      | Killed Pikel
 22233 | D:6      | Reached skill level 9 in Unarmed Combat
 22234 | D:6      | deliverbassnrhyme: and now we bring qtchaos over to the humans
 22234 | D:6      | deliverbassnrhyme: and collect cloaks
 22276 | D:6      | Noticed Crazy Yiuf
 22297 | D:6      | deliverbassnrhyme: ffs
 22330 | D:6      | deliverbassnrhyme: wow
 22330 | D:6      | deliverbassnrhyme: never again
 22330 | D:6      | deliverbassnrhyme: fucking humans
 22334 | D:6      | Killed Crazy Yiuf
 22343 | D:6      | Killed Prince Ribbit
 22764 | D:7      | names: resting isn't limited to 100 turns in trunk anymore
 22766 | D:8      | names: it's convenient
 22792 | D:9      | deliverbassnrhyme: however trunk is forever tainted
 22792 | D:9      | deliverbassnrhyme: so the challenge must endure
 22793 | D:9      | names: true
 22797 | D:9      | names: fffffuck bennu
 23044 | D:9      | trelanon: I missed eustachio with distortion
 23045 | D:9      | deliverbassnrhyme: don't worry
 23045 | D:9      | deliverbassnrhyme: plenty of horror ahead
 23045 | D:9      | trelanon: don't die
 23045 | D:9      | deliverbassnrhyme: k
 23047 | D:9      | Found a staircase to the Orcish Mines.
 23048 | D:9      | trelanon: why would you lie to me
 23052 | D:9      | deliverbassnrhyme: I'm not dying silly
 23055 | D:9      | Artagel: this is a tactical spot
 24155 | D:9      | deliverbassnrhyme: must everything be always awful
 24229 | D:8      | Reached skill level 2 in Stealth
 24548 | D:9      | Found a snail-covered altar of Cheibriados.
 24704 | D:9      | Reached skill level 3 in Stealth
 25289 | D:9      | Reached skill level 4 in Stealth
 25844 | D:8      | Bought a scroll of enchant armour for 112 gold pieces
 25844 | D:8      | Bought a scroll of summoning for 142 gold pieces
 25844 | D:8      | Bought a scroll of torment for 112 gold pieces
 25844 | D:8      | Bought a scroll of fog for 30 gold pieces
 25844 | D:8      | Bought a scroll of identify for 30 gold pieces
 25844 | D:8      | Bought a scroll of identify for 30 gold pieces
 26359 | Lair:1   | Entered Level 1 of the Lair of Beasts
 26428 | Lair:1   | Reached XP level 11. HP: 71/89 MP: 11/11
 26653 | Lair:1   | Reached skill level 10 in Unarmed Combat
 26776 | Lair:1   | Noticed emiel's ghost (powerful HuWz)
 26777 | Lair:1   | deliverbassnrhyme: fucking cbl
 26777 | Lair:1   | names: ahahaha
 26777 | Lair:1   | trelanon: last ghost that had it in my playthrough killed himself with it
 26777 | Lair:1   | names: all those low level spells and then randomly CBL
 26777 | Lair:1   | Artagel: the perfect HuWz
 26777 | Lair:1   | trelanon: can't even trap him in grass because he knows blink
 26791 | Lair:1   | deliverbassnrhyme: I guess the oneshot potential in resetting via stairs is something to care about
 26791 | Lair:1   | deliverbassnrhyme: ffs
 26833 | Lair:1   | Noticed a ball lightning
 26834 | Lair:1   | deliverbassnrhyme: wait a minute
 26834 | Lair:1   | deliverbassnrhyme: holy shit does enemy cbl also home in at targets?
 26834 | Lair:1   | trelanon: I have no idea, but maybe?
 26835 | Lair:1   | trelanon: yep
 26835 | Lair:1   | deliverbassnrhyme: that answers that
 26835 | Lair:1   | Killed a ball lightning
 26838 | Lair:1   | Killed a ball lightning
 27927 | Lair:2   | Artagel: almost two digit ac
 27933 | Lair:2   | Artagel: what is this
 28037 | Lair:2   | trelanon: do you get any benefit to auxiliary armor AC from training armor?
 28122 | Lair:1   | deliverbassnrhyme: yeah
 28122 | Lair:1   | deliverbassnrhyme: I don't know the numbers but it should be like
 28122 | Lair:1   | deliverbassnrhyme: 1 AC every 5 skill with a helmet
 28122 | Lair:1   | deliverbassnrhyme: or not
 28232 | Lair:1   | Reached skill level 10 in Fighting
 29111 | Lair:2   | deliverbassnrhyme: boy this sure is not swingy
 29212 | Lair:3   | trelanon: lair with low AC is kinda scary.
 29540 | Lair:3   | Noticed a seven-headed hydra
 29586 | Lair:3   | Noticed a six-headed hydra
 30127 | Lair:3   | Noticed a four-headed hydra
 30274 | Lair:3   | Reached skill level 11 in Unarmed Combat
 31779 | Lair:4   | HP: 8/90 [raven (7)]
 31780 | Lair:4   | trelanon: fucking ravens come on
 31780 | Lair:4   | HP: 2/90 [raven (7)]
 31780 | Lair:4   | Slain by a raven

Vanquished Creatures
  Pikel (D:6)
  2 black mambas
  5 spiny frogs
  2 fire drakes (Lair:3)
  A polar bear (Lair:3)
  Prince Ribbit (D:6)
  A fire vortex (Lair:1)
  A raven (Lair:4)
  A spriggan (D:7)
  A wyvern (D:9)
  7 yaks
  A deep elf mage (D:9)
  A hill giant zombie (D:8)
  Grum (D:8)
  2 hippogriffs
  3 hungry ghosts (D:9)
  6 wolves
  3 water moccasins
  6 orc warriors
  5 porcupines
  A phantom (D:8)
  5 sky beasts
  5 ice beasts
  A necrophage (D:7)
  4 centaurs
  5 ogres
  2 big kobolds
  10 crocodiles
  11 giant frogs
  2 elf zombies
  2 wights (D:9)
  3 scorpions
  A water moccasin skeleton (D:4)
  A vampire bat (D:6)
  A troll zombie (D:8)
  A crimson imp (D:5)
  2 goliath beetles (D:9)
  6 orc priests
  5 hounds
  A centaur zombie (Ossuary)
  Crazy Yiuf (D:6)
  2 jellies
  A centaur skeleton (D:9)
  A human zombie (Ossuary)
  8 iguanas
  8 worker ants
  5 sheep (Lair:3)
  11 orc wizards
  3 big kobold zombies (Ossuary)
  Ijyb (D:2)
  2 hound zombies (D:9)
  A big kobold skeleton (D:7)
  4 mummies
  An ogre skeleton (D:4)
  2 hound skeletons
  11 gnolls
  19 adders
  Natasha (twice) (D:3)
  22 green rats
  4 worms
  5 giant geckos
  4 oozes
  39 orcs
  20 goblins
  16 hobgoblins
  9 quokkas
  32 bats
  9 giant cockroaches
  8 giant newts
  3 giant spores
  A gnoll zombie (Ossuary)
  2 goblin zombies (Ossuary)
  2 hobgoblin skeletons
  3 hobgoblin zombies (Ossuary)
  7 jackals
  A jackal skeleton (D:4)
  30 kobolds
  A kobold skeleton (D:6)
  A kobold zombie (D:6)
  2 orc skeletons
  2 orc zombies (Ossuary)
  17 rats
  13 ballistomycetes
  2 fungi (Lair:3)
458 creatures vanquished.

Vanquished Creatures (others)
  A ball lightning (Lair:1)
  A troll (D:9)
  A black bear (D:9)
  An orc warrior (D:9)
  An ogre (D:9)
  A giant frog (D:6)
  Natasha (D:3)
  A goblin (D:3)
  A hobgoblin (D:9)
  A jackal (D:9)
  A kobold (D:6)
  A rat (D:6)
12 creatures vanquished.

Grand Total: 470 creatures vanquished
